[Event "Early-Titled-Tuesday-Blitz-June-18-2024"]
[Site "Chess.com"]
[Date "2024.06.18"]
[Round "10"]
[White "Cheer_Down"]
[Black "Zavgorodniy_Sergiy"]
[Result "0-1"]
[WhiteElo "2447"]
[BlackElo "2608"]
[TimeControl "180+1"]
[EndTime "9:54:52 PDT"]
[Termination "Zavgorodniy_Sergiy won by resignation"]

1. e4 e5 2. Nf3 d6 3. d4 exd4 4. Nxd4 Nf6 5. Nc3 Be7 6. g3 Bg4 7. f3 Bd7 8. g4 c5 9. Nf5 Bxf5 10. exf5 Nc6 11. g5 Nh5 12. h4 O-O 13. Kf2 d5 14.
Nxd5 Qd6 15. f4 Rad8 16. Bg2 Nd4 17. Qxh5 Nxc2 18. Rb1 c4 19. Rf1 Qc5+ 20. Kg3 Rxd5 21. Bxd5 Qxd5 22. Qe2 Nd4 23. Qxe7 Nxf5+ 0-1

[Event "Early-Titled-Tuesday-Blitz-June-18-2024"]
[Site "Chess.com"]
[Date "2024.06.18"]
[Round "10"]
[White "FredddieCroderg"]
[Black "Patricius007"]
[Result "0-1"]
[WhiteElo "2337"]
[BlackElo "2553"]
[TimeControl "180+1"]
[EndTime "9:54:53 PDT"]
[Termination "Patricius007 won by resignation"]

1. e4 g6 2. h4 h5 3. d4 d6 4. Bg5 Bg7 5. Nc3 a6 6. Nf3 b5 7. Be2 Bb7 8. a3 Nd7 9. Qd2 c5 10. dxc5 Nxc5 11. Qe3 Nf6 12. Bxf6 Bxf6 13. e5 Bg7 14.
O-O-O O-O 15. exd6 exd6 16. Nd5 Bxd5 17. Rxd5 Qf6 18.
Qd4 Qxd4 19. Nxd4 Rac8 20. Kb1 Ne4 21. Bf3 Nd2+ 22. Ka2 Nxf3 23. gxf3 Bxd4 24. Rxd4 Rxc2 25. Rxd6 Rxf2 26. Rxa6 Rb8 27. Rh3 b4 28. a4 b3+ 29.
Ka3 Rf1 0-1

[Event "Early-Titled-Tuesday-Blitz-June-18-2024"]
[Site "Chess.com"]
[Date "2024.06.18"]
[Round "10"]
[White "Goryachkina"]
[Black "DanyKopy"]
[Result "1-0"]
[WhiteElo "2675"]
[BlackElo "2562"]
[TimeControl "180+1"]
[EndTime "9:55:03 PDT"]
[Termination "Goryachkina won by resignation"]

1. e4 c5 2. Nf3 Nc6 3. Bb5 g6 4.
Bxc6 dxc6 5. d3 Nf6 6. h3 Nd7 7. O-O Bg7 8. Nc3 e5 9. Be3 h6 10. Nd2 Qe7 11. a4 Nf8 12. f4 exf4 13. Bxf4 Ne6 14. Be3 O-O 15. Nf3 Nd4 16. Qd2 Kh7 17. Rae1 Be6 18. e5 Nxf3+ 19. Rxf3 Bxe5 20. Bxh6 Bd4+ 21. Kh1 Rfe8 22. Ne4 Qh4 23. Bg5 Qh5 24. Rf4 1-0

[Event "Early-Titled-Tuesday-Blitz-June-18-2024"]
[Site "Chess.com"]
[Date "2024.06.18"]
[Round "10"]
[White "reniite"]
[Black "UnTucopalaTimba"]
[Result "1-0"]
[WhiteElo "2264"]
[BlackElo "2097"]
[TimeControl "180+1"]
[EndTime "9:55:05 PDT"]
[Termination "reniite won by checkmate"]

1. d4 Nf6 2. Nf3 d5 3. e3 e6 4. Bd3 c5 5. b3 Nc6 6. Bb2 Bd6 7. Nbd2 O-O 8. O-O Re8 9. dxc5 Bxc5 10. c4 e5 11. cxd5 Nb4 12. Bc4 Nbxd5 13. Nxe5 Bd6 14. Nxf7 Kxf7 15. e4 Bxh2+ 16. Kxh2 Ng4+ 17. Kg1 Qh4 18.
Bxd5+ Kg6 19. Nf3 Qh5 20. Qd4 Re7 21. Rac1 Bd7 22. Bxb7 Rf8 23. Qd6+ Re6 24. Qxd7 Rxf3 25. Qxg7# 1-0

[Event "Early-Titled-Tuesday-Blitz-June-18-2024"]
[Site "Chess.com"]
[Date "2024.06.18"]
[Round "10"]
[White "axvesik"]
[Black "Mikhail_Golubev"]
[Result "0-1"]
[WhiteElo "2552"]
[BlackElo "2665"]
[TimeControl "180+1"]
[EndTime "9:55:06 PDT"]
[Termination "Mikhail_Golubev won by resignation"]

1. e4 c5 2. Nf3 d6 3. d4 Nf6 4. Nc3 cxd4 5. Nxd4 g6 6. Be3 Bg7 7. f3 Nc6 8. Qd2 O-O 9. Bc4 Bd7 10. h4 Ne5 11. Bb3 Rc8 12. h5 Nxh5 13. O-O-O Qa5 14. Bh6 Bxh6 15. Qxh6 Rxc3 16. bxc3 Rc8 17. Ne2 Nf6 18. Rd5 Qa3+ 19. Kd2 e6 20. Rd4 Qc5 21. Qg5 Nxf3+ 0-1

[Event "Early-Titled-Tuesday-Blitz-June-18-2024"]
[Site "Chess.com"]
[Date "2024.06.18"]
[Round "10"]
[White "Moon_stone123"]
[Black "Casper"]
[Result "0-1"]
[WhiteElo "2598"]
[BlackElo "2502"]
[TimeControl "180+1"]
[EndTime "9:55:06 PDT"]
[Termination "Casper won by resignation"]

1. e4 c6 2. d4 d5 3. exd5 cxd5 4. Bd3 g6 5. Nf3 Bg7 6. c3 Nc6 7. O-O Nf6 8. h3 O-O 9. Re1 Bf5 10. Bf1 a6 11. a4 Rc8 12. Bf4 Re8 13. Nbd2 Ne4 14. Nb3 Qb6 15. a5 Qd8 16. Bd3 Nd6 17.
Bxd6 Qxd6 18. Bxf5 gxf5 19. Nc5 Qc7 20. b4 e6 21. Qd2 Kh8 22. Kh1 Rg8 23. Rg1 Ne7 24.
Ng5 Ng6 25. Rae1 Nh4 26. g3 Ng6 27. h4 Bf6 28. f4 Rg7 29. Kh2 Rcg8 30. Qd1 Nxf4 31.
gxf4 Qxf4+ 32. Kh3 Bxg5 33. hxg5 Rxg5 34. Rxg5 Qxg5 0-1

[Event "Early-Titled-Tuesday-Blitz-June-18-2024"]
[Site "Chess.com"]
[Date "2024.06.18"]
[Round "10"]
[White "Szachulec75"]
[Black "MatthewG-p4p"]
[Result "0-1"]
[WhiteElo "2258"]
[BlackElo "2814"]
[TimeControl "180+1"]
[EndTime "9:55:06 PDT"]
[Termination "MatthewG-p4p won by resignation"]

1. Nf3 c5 2. g3 g6 3. Bg2 Bg7 4. d3 Nc6 5. O-O e5 6. e4 Nge7 7. Nc3 O-O 8. Bg5 d6 9. Qd2 Be6 10. Bh6 f6 11. Bxg7 Kxg7 12. Nd1 d5 13. c3 dxe4 14.
dxe4 Qxd2 15. Nxd2 Rad8 16. Nf3 Rd3 17. Ne3 Rfd8 18.
Rfd1 Rxd1+ 19. Rxd1 Rxd1+ 20. Nxd1 Bxa2 21. Bf1 Be6 22. Ne3 a6 23. Bd3 b5 24. Bc2 Nc8 25. Nd2 Nb6 26. f3 a5 27. Kf2 Kf7 28. Ke2 Ke7 29. Kd1 Kd6 30. Kc1 c4 31. Ndf1 b4 32. cxb4 axb4 33. Kd2 Kc5 34. Nd1 Nd4 35. f4 b3 36. Bb1 Na4 37. h4 Kb4 38. fxe5 fxe5 39. Ke3 Bg4 40. Nf2 Be2 0-1

[Event "Early-Titled-Tuesday-Blitz-June-18-2024"]
[Site "Chess.com"]
[Date "2024.06.18"]
[Round "10"]
[White "ChristopherYoo"]
[Black "chessbaerchen"]
[Result "1-0"]
[WhiteElo "3001"]
[BlackElo "2693"]
[TimeControl "180+1"]
[EndTime "9:55:17 PDT"]
[Termination "ChristopherYoo won by resignation"]

1. e4 e6 2. d4 d5 3. e5 c5 4. c3 Nc6 5. Nf3 Bd7 6. Bd3 cxd4 7. O-O dxc3 8. Nxc3 Nge7 9. Bg5 h6 10. Nb5 Qb6 11.
Nd6+ Kd8 12. Nxf7+ Kc7 13. Be3 d4 14. Nxd4 Nxd4 15. Nxh8 Nd5 16. Rc1+ Bc6 17. Ng6 Bc5 18.
Be4 Rd8 19. Bxd4 Bxd4 20. Qg4 Bxb2 21. Rcd1 Re8 22. Bxd5 exd5 23. Rb1 Qd4 24. Nf4 Kb8 25. Rfd1 Qxe5 26. Nd3 Qd4 27. Qg3+ Ka8 28. Nxb2 Qe4 29. Nd3 d4 30. Re1 1-0

[Event "Early-Titled-Tuesday-Blitz-June-18-2024"]
[Site "Chess.com"]
[Date "2024.06.18"]
[Round "10"]
[White "Senn71"]
[Black "LLariMarc"]
[Result "0-1"]
[WhiteElo "2358"]
[BlackElo "2490"]
[TimeControl "180+1"]
[EndTime "9:55:18 PDT"]
[Termination "LLariMarc won by resignation"]

1. e4 d6 2. d4 Nf6 3. Nc3 g6 4. Nf3 Bg7 5. h3 O-O 6. Be2 c6 7. O-O Nbd7 8. Re1 e5 9. dxe5 dxe5 10. a4 Qc7 11. Bc4 a5 12. Qe2 Nc5 13. b3 Be6 14. Ba3 Nfd7 15. Bxe6 fxe6 16. Rad1 b6 17.
Nb1 Rf4 18. Qc4 Raf8 19. Re3 Bh6 20. Nbd2 Qd8 21. Nf1 Rxf3 22. Rxf3 Rxf3 23. gxf3 Bf4 24. Rxd7 Qxd7 25. Bxc5 bxc5 26. Qxc5 Qc7 27. b4 axb4 28. Qxb4 Qd8 29. Qd6 Qxd6 0-1

[Event "Early-Titled-Tuesday-Blitz-June-18-2024"]
[Site "Chess.com"]
[Date "2024.06.18"]
[Round "10"]
[White "Oleg_Papayan"]
[Black "unbreakablepawn35"]
[Result "0-1"]
[WhiteElo "2540"]
[BlackElo "2417"]
[TimeControl "180+1"]
[EndTime "9:55:20 PDT"]
[Termination "unbreakablepawn35 won by resignation"]

1. d4 Nf6 2. Nc3 d5 3. Bf4 g6 4.
e3 Bg7 5. h4 h5 6. Qd2 O-O 7.
Nf3 c5 8. dxc5 Qa5 9. O-O-O Ne4 10. Nxe4 Qxa2 11. c3 dxe4 12. Ne5 Nc6 13. Bc4 Qa4 14. Nxc6 bxc6 15. b3 Qa1+ 16. Kc2 Qa2+ 17. Kc1 Qa3+ 18. Kc2 Bg4 19. Ra1 Qxc5 20. Ra6 Rfd8 21. Qd1 Bxd1+ 0-1

[Event "Early-Titled-Tuesday-Blitz-June-18-2024"]
[Site "Chess.com"]
[Date "2024.06.18"]
[Round "10"]
[White "N_Mullodzhanov"]
[Black "N_I_Chess"]
[Result "1-0"]
[WhiteElo "2540"]
[BlackElo "2333"]
[TimeControl "180+1"]
[EndTime "9:55:24 PDT"]
[Termination "N_Mullodzhanov won by resignation"]

1. e4 Nf6 2. e5 Nd5 3. d4 d6 4. Nf3 g6 5. Bc4 Nb6 6. Bb3 Bg7 7. Ng5 d5 8. f4 O-O 9. O-O Na6 10. c3 c5 11. Qe2 cxd4 12. cxd4 h6 13. Nf3 Bf5 14. Nc3 Nb4 15. Rd1 Rc8 16. Nh4 Be6 17. f5 Bxf5 18. Nxf5 gxf5 19. Qh5 Rc6 20. a3 Na6 21. Ne2 Rg6 22. Rd3 e6 23. Rg3 Qe8 24.
Bxh6 Rxg3 25. Nxg3 f6 26. Bxg7 Kxg7 27. exf6+ Rxf6 28. Qxe8 1-0

[Event "Early-Titled-Tuesday-Blitz-June-18-2024"]
[Site "Chess.com"]
[Date "2024.06.18"]
[Round "10"]
[White "GHANDEEVAM2003"]
[Black "Mikhail_Bryakin"]
[Result "1/2-1/2"]
[WhiteElo "2977"]
[BlackElo "2767"]
[TimeControl "180+1"]
[EndTime "9:55:25 PDT"]
[Termination "Game drawn - insufficient material"]

1. Nf3 Nf6 2. g3 b6 3. Bg2 Bb7 4. O-O c5 5. d3 g6 6. e4 d6 7. a4 a6 8. Re1 Bg7 9. Nbd2 O-O 10. e5 dxe5 11. Nxe5 Bxg2 12. Kxg2 Nfd7 13. Qf3 Ra7 14. Ndc4 Nxe5 15. Nxe5 e6 16. Bf4 Qd5 17. h4 Qxf3+ 18. Kxf3 Rc8 19. h5 Nd7 20. Nc4 Bf8 21. Rh1 Rb7 22. hxg6 hxg6 23. Bd2 b5 24. axb5 axb5 25.
Bc3 f6 26. Ne3 Bg7 27. b3 Nb6 28. Ra6 Ra8 29. Rxa8+ Nxa8 30. Ng4 e5 31. Ra1 Nc7 32.
Ne3 Kf7 33. g4 Bh6 34. b4 Bxe3 35. fxe3 Nd5 36. Bd2 Nxb4 37. Bxb4 cxb4 38. Rb1 Rc7 39. Rxb4 Rxc2 40. Rxb5 g5 41. Rb7+ Kg6 42. Rd7 Rd2 43.
d4 exd4 44. exd4 Rd3+ 45. Kf2 Rd2+ 46. Ke3 Rg2 47. Kf3 Rd2 48. d5 Rd4 49. d6 f5 50.
gxf5+ Kxf5 51. Rd8 Ke6 52. d7 Rxd7 53. Rxd7 Kxd7 54.
Kg4 Ke7 55. Kxg5 1/2-1/2

[Event "Early-Titled-Tuesday-Blitz-June-18-2024"]
[Site "Chess.com"]
[Date "2024.06.18"]
[Round "10"]
[White "yonaltimur"]
[Black "eltenedor"]
[Result "1-0"]
[WhiteElo "2296"]
[BlackElo "2125"]
[TimeControl "180+1"]
[EndTime "9:55:28 PDT"]
[Termination "yonaltimur won by resignation"]

1. e4 b6 2. d4 Bb7 3. Nc3 e6 4. Nf3 d6 5. Be2 Nd7 6. O-O g6 7. Be3 Bg7 8. Qd2 h6 9. Rfe1 Ngf6 10. Bd3 Ng4 11. h3 Nxe3 12. Qxe3 O-O 13. Rad1 Qe7 14. Qf4 a6 15. e5 Bxf3 16. exd6 cxd6 17. Qxf3 Bxd4 18. Be4 Bxc3 19. Qxc3 Rac8 20. Qd2 f5 21. Bf3 Ne5 22. Qxd6 Nxf3+ 23. gxf3 Qg5+ 24. Kf1 Rxc2 25. Rxe6 Kg7 26. Re7+ Rf7 27. Qe5+ Qf6 28. Rxf7+ Kxf7 29. Rd7+ 1-0

[Event "Early-Titled-Tuesday-Blitz-June-18-2024"]
[Site "Chess.com"]
[Date "2024.06.18"]
[Round "10"]
[White "MeesvanOsch"]
[Black "Alenzer"]
[Result "1-0"]
[WhiteElo "2321"]
[BlackElo "2161"]
[TimeControl "180+1"]
[EndTime "9:55:31 PDT"]
[Termination "MeesvanOsch won by resignation"]

1. e4 c5 2. Nf3 e6 3. d4 cxd4 4. Nxd4 Nf6 5. Nc3 Nc6 6. Ndb5 d6 7. Bf4 e5 8. Bg5 a6 9. Na3 b5 10. Nd5 Be7 11. Bxf6 Bxf6 12. c4 b4 13. Nc2 a5 14.
h4 h5 15. g3 Be6 16. Bh3 Rc8 17. Kf1 Nd4 18. Nxd4 exd4 19. b3 Qd7 20. Bxe6 Qxe6 21. Qd3 g6 22. Kg2 Bg7 23. a3 bxa3 24. Rxa3 Rc5 25.
Rxa5 O-O 26. Ra7 Rb8 27. b4 Rcc8 28. Re7 Kf8 29. Rxe6 fxe6 30. Nf4 Kf7 31. e5 dxe5 32. Qxg6+ Kg8 33. Nxh5 1-0

[Event "Early-Titled-Tuesday-Blitz-June-18-2024"]
[Site "Chess.com"]
[Date "2024.06.18"]
[Round "10"]
[White "karinachess1"]
[Black "GothamChess"]
[Result "0-1"]
[WhiteElo "2661"]
[BlackElo "2772"]
[TimeControl "180+1"]
[EndTime "9:55:38 PDT"]
[Termination "GothamChess won by resignation"]

1. c4 g6 2. Nf3 Bg7 3. d4 d6 4. g3 Nc6 5. Bg2 Bd7 6. O-O Qc8 7. Re1 Bh3 8. Bh1 h5 9. e4 h4 10. e5 hxg3 11. fxg3 Bg4 12. Bf4 Qf5 13. Nc3 dxe5 14.
dxe5 Rd8 15. Nd5 g5 16. Nd4 Qc8 17. Nxc6 bxc6 18. Qa4 gxf4 19. e6 Bd4+ 20. Kf1 Rxh2 21. Qxc6+ Kf8 22. Bg2 f3 23. Bxf3 Bh3+ 24. Bg2 Bxg2+ 25.
Ke2 Bxd5+ 0-1

[Event "Early-Titled-Tuesday-Blitz-June-18-2024"]
[Site "Chess.com"]
[Date "2024.06.18"]
[Round "10"]
[White "sanbruh"]
[Black "chezzgirl04"]
[Result "0-1"]
[WhiteElo "2438"]
[BlackElo "2291"]
[TimeControl "180+1"]
[EndTime "9:55:42 PDT"]
[Termination "chezzgirl04 won by checkmate"]

1. e4 e5 2. Nf3 Nc6 3. Bb5 a6 4. Ba4 Nf6 5. O-O b5 6. Bb3 Bc5 7. c3 O-O 8. d4 Bb6 9. dxe5 Nxe4 10. Bd5 Nc5 11. Be3 Bb7 12. Re1 h6 13. Qd2 Ne7 14. Bxc5 Nxd5 15. Bxf8 Qxf8 16. Na3 g5 17. c4 Nf4 18. cxb5 Nxg2 19. Kxg2 g4 20. h3 Bxf3+ 21. Kh2 Qe7 22. Nc4 Qh4 23. Ne3 Qxh3+ 24. Kg1 Qh1# 0-1

[Event "Early-Titled-Tuesday-Blitz-June-18-2024"]
[Site "Chess.com"]
[Date "2024.06.18"]
[Round "10"]
[White "jaskol95"]
[Black "Rurep26"]
[Result "0-1"]
[WhiteElo "2620"]
[BlackElo "2735"]
[TimeControl "180+1"]
[EndTime "9:55:44 PDT"]
[Termination "Rurep26 won by resignation"]

1. e4 e6 2. d4 d5 3. Nc3 Bb4 4.
e5 c5 5. a3 Bxc3+ 6. bxc3 Qc7 7.
Qg4 f5 8. Qh5+ g6 9. Qf3 Nc6 10. Bb5 cxd4 11. cxd4 Qa5+ 12. Bd2 Qxb5 13. Ne2 Nge7 14. h4 h6 15. g4 b6 16. gxf5 Nxf5 17. Qg4 Rg8 18. c3 Ba6 19. Nf4 Kd7 20. a4 Qb2 21.
Rc1 Rac8 22. h5 Ncxd4 23. hxg6 Nb3 24. Rd1 Nxd2 25. Rxd2 Qc1+ 26. Qd1 Qxc3 27. Rh3 Qxe5+ 28. Ne2 Rxg6 29. Kf1 Rcg8 30. Rh1 Qh2 31. Rxd5+ exd5 32. Qxd5+ Nd6 33. Ke1 Rg1+ 34. Nxg1 Rxg1+ 35. Rxg1 Qxg1+ 36. Kd2 Qg5+ 37. Qxg5 hxg5 38. Ke3 0-1

[Event "Early-Titled-Tuesday-Blitz-June-18-2024"]
[Site "Chess.com"]
[Date "2024.06.18"]
[Round "10"]
[White "SahibSinghKnight"]
[Black "Erdnya15"]
[Result "1-0"]
[WhiteElo "2707"]
[BlackElo "2535"]
[TimeControl "180+1"]
[EndTime "9:55:47 PDT"]
[Termination "SahibSinghKnight won by resignation"]

1. e4 c5 2. Nf3 d6 3. d4 cxd4 4. Nxd4 Nf6 5. Nc3 a6 6. Bg5 e6 7. f4 h6 8. Bh4 Nbd7 9. Qf3 e5 10. fxe5 Nxe5 11. Qf2 Be7 12. Bxf6 Bxf6 13. O-O-O Ng4 14. Qe1 Ne3 15. Rd3 O-O 16. e5 dxe5 17. Nf3 Qc7 18.
Rxe3 Be6 19. Kb1 b5 20. Ne4 Be7 21. Ned2 Rac8 22. Bd3 Rfd8 23. Rxe5 Bf6 24. Rxe6 Rxd3 25. Re8+ Kh7 26. Rxc8 Qe5 27. Nxe5 1-0

[Event "Early-Titled-Tuesday-Blitz-June-18-2024"]
[Site "Chess.com"]
[Date "2024.06.18"]
[Round "10"]
[White "AndresDelgado77"]
[Black "only_strong_moves"]
[Result "0-1"]
[WhiteElo "2352"]
[BlackElo "2631"]
[TimeControl "180+1"]
[EndTime "9:55:47 PDT"]
[Termination "only_strong_moves won by resignation"]

1. e4 e5 2. Nc3 Nf6 3. d4 exd4 4. Qxd4 Nc6 5. Qc4 Bb4 6. Bd2 O-O 7. O-O-O Re8 8. f3 d6 9. Nge2 Be6 10. Qb5 a6 11. Qg5 Ne5 12. Nd4 h6 13. Qg3 Nh5 14. Qf2 Bc4 15. g4 Bxc3 16. Bxc3 Nf4 17. Nf5 Bxf1 18.
Rhxf1 Kh7 19. Qg3 Ne2+ 20. Kb1 Nxg3 21. hxg3 f6 22. g5 hxg5 23. f4 Nf7 24. Rh1+ Kg8 25. Rh3 Rxe4 26. Rdh1 Qd7 27. Nxg7 Kxg7 28. Rh7+ Kf8 29. Bxf6 Qe6 30. fxg5 Re1+ 0-1

[Event "Early-Titled-Tuesday-Blitz-June-18-2024"]
[Site "Chess.com"]
[Date "2024.06.18"]
[Round "10"]
[White "KarlEmilElmer"]
[Black "ValeriyGrinev"]
[Result "0-1"]
[WhiteElo "2165"]
[BlackElo "2563"]
[TimeControl "180+1"]
[EndTime "9:55:55 PDT"]
[Termination "ValeriyGrinev won by checkmate"]

1. d4 d5 2. c4 dxc4 3. e4 Nf6 4. e5 Nd5 5. Bxc4 Nb6 6. Bb3 Nc6 7. Nf3 Bf5 8. O-O e6 9. Be3 Nb4 10. Nc3 N4d5 11.
Nxd5 Nxd5 12. Bg5 Be7 13. Bxd5 Qxd5 14. Bxe7 Kxe7 15. Qa4 Rhd8 16. Qb4+ Ke8 17. Rac1 Rd7 18. Rc3 a5 19. Qa3 b6 20. Rfc1 Rc8 21. b4 axb4 22. Qxb4 Qxa2 23. Qb5 Qd5 24. Qb4 Bg4 25. Nd2 Qxd4 26.
Qxd4 Rxd4 27. Nb3 Rd1+ 28. Rxd1 Bxd1 29. Nd4 Kd7 30. Nb5 Ba4 31. Nd4 c5 32. Nf3 b5 33.
h3 b4 34. Rc1 c4 35. Kf1 b3 36. Ke2 c3 37. Kd3 b2 38. Rb1 c2 39. Rxb2 c1=Q 40. Rb7+ Rc7 41. Rxc7+ Qxc7 42. Ke3 Qc5+ 43. Kf4 Qxf2 44. h4 Bd1 45. h5 Bxf3 46. gxf3 Qh4+ 47. Ke3 Qxh5 48. f4 Qf5 49. Kf3 g5 50. Ke3 Qxf4+ 51. Ke2 Qxe5+ 52. Kf2 Qf4+ 53. Kg2 e5 54. Kg1 e4 55. Kg2 e3 56. Kg1 e2 57. Kg2 e1=Q 58. Kh3 Qeh4+ 59. Kg2 Qhh2# 0-1

[Event "Early-Titled-Tuesday-Blitz-June-18-2024"]
[Site "Chess.com"]
[Date "2024.06.18"]
[Round "10"]
[White "wonderfultime"]
[Black "SALVA-DALI"]
[Result "1-0"]
[WhiteElo "3029"]
[BlackElo "2761"]
[TimeControl "180+1"]
[EndTime "9:55:56 PDT"]
[Termination "wonderfultime won by resignation"]

1. d4 Nf6 2. Nf3 g6 3. Bg5 Bg7 4. Nbd2 d5 5. c3 O-O 6. e3 c5 7. Bd3 Nfd7 8. O-O Nc6 9. a3 Qc7 10. b4 cxd4 11. cxd4 e5 12. dxe5 Ncxe5 13. Rc1 Qb6 14.
Be2 a5 15. b5 Re8 16. a4 Nc5 17. Nxe5 Bxe5 18. Nf3 Bg7 19. Nd4 Be6 20. Bf3 Rac8 21.
h3 Ne4 22. Nxe6 Qxe6 23. Bf4 Nc3 24. Qb3 b6 25. Rc2 d4 26. Qxe6 fxe6 27. exd4 Nxa4 28. Bc6 Red8 29. Re1 Bxd4 30. Rxe6 Nc5 31. Re7 Bf6 32. Ra7 Rd1+ 33. Kh2 Nd3 34. Bd5+ 1-0

[Event "Early-Titled-Tuesday-Blitz-June-18-2024"]
[Site "Chess.com"]
[Date "2024.06.18"]
[Round "10"]
[White "Forge13"]
[Black "topce"]
[Result "1-0"]
[WhiteElo "2673"]
[BlackElo "2517"]
[TimeControl "180+1"]
[EndTime "9:55:56 PDT"]
[Termination "Forge13 won on time"]

1. e4 c5 2. Nf3 Nc6 3. Bb5 g5 4. Bxc6 dxc6 5. d3 g4 6. Nfd2 f5 7. Qe2 Nf6 8. Nc4 b5 9. Ne5 c4 10. Nc3 Qb6 11. Be3 Qb7 12. O-O Bg7 13. f3 Nxe4 14.
fxe4 Bxe5 15. exf5 h5 16. Bf4 Bd4+ 17. Kh1 Rf8 18.
Be5 Qd7 19. f6 e6 20. dxc4 b4 21. Bxd4 Qxd4 22. Rad1 1-0

[Event "Early-Titled-Tuesday-Blitz-June-18-2024"]
[Site "Chess.com"]
[Date "2024.06.18"]
[Round "10"]
[White "MaestroCheck"]
[Black "A4RookA3"]
[Result "1-0"]
[WhiteElo "2620"]
[BlackElo "2432"]
[TimeControl "180+1"]
[EndTime "9:56:05 PDT"]
[Termination "MaestroCheck won by resignation"]

1. Nf3 c5 2. b3 Nc6 3. Bb2 Nf6 4. Bxf6 gxf6 5. e3 e6 6. d4 d5 7. Be2 cxd4 8. exd4 Bd6 9. O-O Qc7 10. c4 dxc4 11.
bxc4 Bd7 12. Nc3 a6 13. Ne4 Be7 14. d5 Qf4 15. dxc6 Bxc6 16. Ng3 Rd8 17. Qc1 Qc7 18. Qe3 h5 19. h3 h4 20. Ne4 Rg8 21. Ned2 b6 22.
Rad1 Qb7 23. Nb3 Rc8 24. Rb1 a5 25. Nxa5 bxa5 26. Rxb7 Bxb7 27. Qb6 Be4 28. Qxa5 Rxc4 29.
Bxc4 Bxf3 30. Qb5+ Kf8 31. Qb8+ Kg7 32. Qxg8+ Kxg8 33. gxf3 1-0

[Event "Early-Titled-Tuesday-Blitz-June-18-2024"]
[Site "Chess.com"]
[Date "2024.06.18"]
[Round "10"]
[White "Gumugama"]
[Black "Veleamater"]
[Result "0-1"]
[WhiteElo "2258"]
[BlackElo "2392"]
[TimeControl "180+1"]
[EndTime "9:56:05 PDT"]
[Termination "Veleamater won by checkmate"]

1. e4 d6 2. d4 g6 3. f3 Bg7 4. Be3 Nf6 5. Nc3 O-O 6. Qd2 Nc6 7. Bh6 e5 8. Bxg7 Kxg7 9. Nge2 h6 10. O-O-O Nd7 11.
h4 Nb6 12. dxe5 dxe5 13. Nd5 Be6 14. Nec3 Nd4 15. Kb1 c6 16. Ne3 a6 17. Ng4 Bxg4 18. fxg4 Qd7 19. Be2 Nxe2 20. Qxe2 Qe6 21. Rhg1 Rad8 22.
g5 h5 23. g4 hxg4 24. Rxg4 Rxd1+ 25. Nxd1 Rd8 26. Rg1 Qc4 27. Qg4 Qd4 28. h5 gxh5 29. Qf3 Qxg1 30. Qf6+ Kh7 31. Qxd8 Nd5 32. Kc1 Ne3 33.
Qd3 Qxd1+ 34. Qxd1 Nxd1 35. Kxd1 Kg6 36. c3 Kxg5 37. b3 f5 38. b4 fxe4 39. Kd2 Kf4 40. Ke2 e3 41. c4 Ke4 42. a4 Kd4 43. b5 axb5 44. cxb5 cxb5 45. a5 b4 46. Kd1 Kd3 47.
Kc1 e2 48. Kb2 e1=Q 49. Kb3 Qc3+ 50. Ka4 Kc4 51. a6 Qa3# 0-1

[Event "Early-Titled-Tuesday-Blitz-June-18-2024"]
[Site "Chess.com"]
[Date "2024.06.18"]
[Round "10"]
[White "MANOJ_MISHRA123"]
[Black "ural58"]
[Result "1-0"]
[WhiteElo "2231"]
[BlackElo "2408"]
[TimeControl "180+1"]
[EndTime "9:56:10 PDT"]
[Termination "MANOJ_MISHRA123 won by resignation"]

1. d4 d5 2. c4 e5 3. dxe5 d4 4. Nf3 Nc6 5. e3 Bb4+ 6. Bd2 dxe3 7.
fxe3 Bxd2+ 8. Qxd2 Qxd2+ 9. Nbxd2 Nge7 10. Bd3 Bf5 11. Bxf5 Nxf5 12. Ke2 O-O-O 13. g4 Nfe7 14. Ne4 Ng6 15. e6 f6 16. Rad1 Nce5 17. Nd4 Nxc4 18. Nf5 Rhg8 19. h4 Rde8 20. h5 Nge5 21. b3 Nb6 22. h6 gxh6 23. Nxf6 Nxg4 24. Nxg8 c5 25.
Nd6+ 1-0

[Event "Early-Titled-Tuesday-Blitz-June-18-2024"]
[Site "Chess.com"]
[Date "2024.06.18"]
[Round "10"]
[White "viktorskliarov"]
[Black "Manukyan_Artak"]
[Result "1-0"]
[WhiteElo "2646"]
[BlackElo "2500"]
[TimeControl "180+1"]
[EndTime "9:56:11 PDT"]
[Termination "viktorskliarov won by checkmate"]

1. e4 c6 2. d4 d5 3. e5 Bf5 4. Nf3 e6 5. Be2 c5 6. Be3 Qb6 7. Nc3 Qxb2 8. Qb1 Qxb1+ 9. Rxb1 Bxc2 10. Rxb7 c4 11. Kd2 Bg6 12. Nh4 Nh6 13. Nxg6 hxg6 14.
g4 Nc6 15. Rhb1 Nd8 16. Rc7 Ng8 17. Bd1 Be7 18. Ba4+ Kf8 19. Rb5 Rxh2 20. Ra5 a6 21. Bb5 Nh6 22. Rxa6 Rxa6 23. Bxa6 Nxg4 24. a4 Nxf2 25.
Bxf2 Rxf2+ 26. Kd1 g5 27. Bb5 g4 28. a5 Bb4 29. a6 Bxc3 30. a7 Ra2 31. Rc8 Rxa7 32. Rxd8+ Ke7 33. Re8# 1-0

[Event "Early-Titled-Tuesday-Blitz-June-18-2024"]
[Site "Chess.com"]
[Date "2024.06.18"]
[Round "10"]
[White "DmitryMaximov"]
[Black "vladgoncharov"]
[Result "1-0"]
[WhiteElo "2783"]
[BlackElo "2667"]
[TimeControl "180+1"]
[EndTime "9:56:12 PDT"]
[Termination "DmitryMaximov won by resignation"]

1. e4 e6 2. d4 d5 3. e5 c5 4. c3 Nc6 5. Nf3 Nge7 6. Bd3 Bd7 7. O-O cxd4 8. cxd4 Nf5 9. Bc2 h6 10. Nc3 Nb4 11. Bxf5 exf5 12. a3 Na6 13. Nxd5 Bb5 14.
Qb3 Bxf1 15. Kxf1 Qd7 16. e6 fxe6 17. Nf4 Nc7 18. Kg1 g5 19. Ng6 Rg8 20. Nfe5 Qd5 21.
Qc2 Bd6 22. Be3 O-O-O 23. Rc1 Kb8 24. Ne7 Rge8 25. Nxd5 Nxd5 26. Nf7 Rc8 27. Qxc8+ Rxc8 28. Rxc8+ Kxc8 29. Nxd6+ Kc7 30. Nf7 Nb6 31. Nxh6 g4 32. h4 gxh3 33. gxh3 Nc4 34. Bc1 Kd7 35. Nf7 Ke7 36.
Ne5 Nd6 37. Bg5+ Kf8 38. f3 Nb5 39. Be3 Nc7 40. Kf2 Nd5 41. Ke2 Kg7 42. Kd3 Kf6 43. h4 a6 44. Bg5+ Kg7 45. Kc4 b6 46. h5 Kh7 47. h6 Nc7 48. Nd7 Nd5 49. Nf6+ Nxf6 50. Bxf6 Kxh6 51. d5 Kg6 52. Be5 Kf7 53. d6 Ke8 54. a4 Kd7 55. a5 1-0

[Event "Early-Titled-Tuesday-Blitz-June-18-2024"]
[Site "Chess.com"]
[Date "2024.06.18"]
[Round "10"]
[White "HamedWafa4"]
[Black "averageFM"]
[Result "0-1"]
[WhiteElo "2668"]
[BlackElo "2583"]
[TimeControl "180+1"]
[EndTime "9:56:12 PDT"]
[Termination "averageFM won by resignation"]

1. e4 e5 2. Nf3 Nc6 3. Bb5 a6 4. Ba4 Nf6 5. O-O Bc5 6. d3 b5 7. Bb3 d6 8. a4 Rb8 9. axb5 axb5 10. Be3 Bxe3 11. fxe3 O-O 12. Nc3 Ne7 13. Ng5 h6 14. h4 b4 15. Ne2 hxg5 16. hxg5 Ng4 17. Qe1 Ng6 18. Ng3 Qxg5 19. Nf5 Bxf5 20. Rxf5 Qxe3+ 21. Qxe3 Nxe3 22. Rg5 Nf4 23. Rg3 Ne2+ 24. Kf2 Nxg3 25. Kxg3 d5 26. exd5 Nf5+ 0-1

[Event "Early-Titled-Tuesday-Blitz-June-18-2024"]
[Site "Chess.com"]
[Date "2024.06.18"]
[Round "10"]
[White "Hirna2005"]
[Black "SargissyanSargis"]
[Result "0-1"]
[WhiteElo "2287"]
[BlackElo "2424"]
[TimeControl "180+1"]
[EndTime "9:56:13 PDT"]
[Termination "SargissyanSargis won by resignation"]

1. e4 c5 2. Nf3 Nc6 3. c3 d5 4. exd5 Qxd5 5. d4 e6 6. Na3 a6 7. Bc4 Qd8 8. Nc2 Nf6 9. O-O b5 10.
Be2 Bb7 11. a4 c4 12. Bg5 h6 13. Bh4 Bd6 14. Re1 O-O 15. Ne3 Be7 16. Qc2 Nd5 17. Bxe7 Ncxe7 18. Ng4 Nf4 19. Bf1 Qd5 20. Nge5 f6 21.
Ng4 Qh5 22. h3 Bxf3 23. gxf3 Nf5 24. Qe4 Qg5 25. Kh2 Nh4 26. axb5 f5 27. Qe5 Nxf3+ 0-1